 Dungeon Crawl Stone Soup version 0.21-a0-630-g344d351 (webtiles) character file.

132 tidbits the Digger (level 5, 32/37 HPs)
             Began as a Gnoll Earth Elementalist on Dec 26, 2017.
             Quit the game on level 4 of the Dungeon.
             The game lasted 00:07:43 (539 turns).

tidbits the Digger (Gnoll Earth Elementalist)        Turns: 539, Time: 00:07:44

Health: 32/37      AC:  4    Str: 10    XL:     5   Next: 15%
Magic:  5/12       EV: 15    Int: 18    God:
Gold:   15         SH:  0    Dex: 16    Spells: 11/14 levels left

rFire    + . .     SeeInvis .   k - +0 falchion
rCold    . . .     Gourm    .   (no shield)
rNeg     . . .     Faith    .   c - +0 robe
rPois    .         Spirit   .   (no helmet)
rElec    .         Reflect  .   C - +1 cloak
rCorr    .         Harm     .   (no gloves)
MR       .....                  (no boots)
Stlth    +++.......             (no amulet)
HPRegen  0.12/turn              j - ring of protection from fire
MPRegen  0.13/turn              (no ring)

@: quite poisoned (32 -> 17), slowed, very slow
A: distributed training, fangs 1, strong nose
a: no special abilities


You were on level 4 of the Dungeon.
You were not hungry.

You visited 1 branch of the dungeon, and saw 4 of its levels.
You also visited: Sewer.

You collected 37 gold pieces.
You spent 22 gold pieces at shops.

Inventory:

Hand Weapons
 a - a +0 short sword
 d - a cursed -1 dagger
 f - a +0 war axe
 g - a +0 hand axe
 k - a +0 falchion (weapon)
Armour
 c - a +0 robe (worn)
 C - a +1 cloak (worn)
Jewellery
 j - a ring of protection from fire (left hand)
   (You found it on level 2 of the Dungeon)
Scrolls
 i - a scroll of identify
Potions
 l - a potion of curing
Books
 e - a book of Geomancy

   Spells                             Type                      Level
   a - Sandblast                      Earth                        1
   b - Passwall                       Transmutation/Earth          2
   c - Stone Arrow                    Conjuration/Earth            3
   d - Petrify                        Transmutation/Earth          4
   e - Lee's Rapid Deconstruction     Earth                        5
Comestibles
 h - 2 rations


   Skills:
 + Level 1.3 Fighting
 + Level 1.3 Short Blades
 + Level 1.3 Long Blades
 + Level 1.3 Axes
 + Level 1.3 Maces & Flails
 + Level 1.3 Polearms
 + Level 1.3 Staves
 + Level 1.3 Slings
 + Level 1.3 Bows
 + Level 1.3 Crossbows
 + Level 1.3 Throwing
 + Level 1.3 Armour
 + Level 4.7 Dodging
 + Level 4.3 Stealth
 + Level 1.3 Shields
 + Level 1.3 Unarmed Combat
 + Level 5.1 Spellcasting
 + Level 1.1 Conjurations
 + Level 1.1 Hexes
 + Level 1.1 Charms
 + Level 1.1 Summonings
 + Level 1.1 Necromancy
 + Level 1.1 Translocations
 + Level 2.3 Transmutations
 + Level 1.1 Fire Magic
 + Level 1.1 Ice Magic
 + Level 1.1 Air Magic
 + Level 5.5 Earth Magic
 + Level 1.1 Poison Magic
 + Level 1.5 Invocations
 + Level 1.3 Evocations


You had 11 spell levels left.
You knew the following spells:

 Your Spells              Type           Power        Failure   Level  Hunger
a - Sandblast             Erth           ###...       1%          1    None
p - Passwall              Tmut/Erth      ###.......   3%          2    #......


Dungeon Overview and Level Annotations

Branches:
Dungeon (4/15)
 Temple: D:4-7

Altars:
Nemelex Xobeh
Ru

Shops:
D:4 *

Annotations:
D:4 Potsanchik's ghost, amateur DEAM


Innate Abilities, Weirdness & Mutations

Your experience applies equally to all skills.
You have very sharp teeth.
Your uncanny sense of smell can sniff out nearby items.


Message History

Casting: Sandblast
Confirm with . or Enter, or press ? or * to list all spells.
Aiming: Sandblast
Press: ? - help, Shift-Dir - straight line, f - jackal
Aim: a jackal The blast of sand hits the jackal.
You kill the jackal!
b - 5 stones The jackal barks!
Casting: Sandblast
Confirm with . or Enter, or press ? or * to list all spells.
Aiming: Sandblast
Press: ? - help, Shift-Dir - straight line, f - jackal
Aim: a jackal The blast of sand hits the jackal.
You kill the jackal!
b - 4 stones You now have 15 gold pieces (gained 5).
Potsanchik's ghost (amateur Deep Elf Arcane Marksman) comes into view.
It is wielding a weapon of venom.
Potsanchik's ghost turns its malevolent gaze towards you.
Potsanchik's ghost gestures at you while chanting.
You feel yourself slow down.
Okay, then.
Okay, then.
Unknown command.
Press: ? - help, v - describe, . - travel
Here: Potsanchik's ghost, wielding a weapon of venom The floor.
Okay, then.
Found a pair of gloves.
An orc comes into view. It is wielding a falchion.
There is an open door here.
You close the door.
The orc shouts!
Casting: Sandblast
Confirm with . or Enter, or press ? or * to list all spells.
Aiming: Sandblast
Press: ? - help, Shift-Dir - straight line, f - orc
Aim: an orc, wielding a falchion The blast of sand hits the orc.
You kill the orc!
b - 3 stones Potsanchik's ghost hits you but does no damage.
You see here a falchion.
k - a falchion Potsanchik's ghost completely misses you.
Wield which item (- for none, * to show all)? (? for menu, Esc to quit)
k - a +0 falchion (weapon)
Potsanchik's ghost hits you.
You are poisoned.
Press: ? - help, v - describe, . - travel
Here: Potsanchik's ghost, wielding a weapon of venom The floor.
Okay, then.
Casting: Sandblast
Confirm with . or Enter, or press ? or * to list all spells.
Aiming: Sandblast
Press: ? - help, Shift-Dir - straight line, f - Potsanchik's ghost
Aim: Potsanchik's ghost, wielding a weapon of venom The blast of sand hits Potsanchik's ghost.
Potsanchik's ghost is lightly damaged.
b - 2 stones You feel sick.
Potsanchik's ghost casts a spell at you.
You feel as though you will be slow longer.
Casting: Sandblast
Confirm with . or Enter, or press ? or * to list all spells.
Aiming: Sandblast
Press: ? - help, Shift-Dir - straight line, f/p - Potsanchik's ghost
Aim: Potsanchik's ghost, wielding a weapon of venom (lightly damaged)
The blast of sand hits Potsanchik's ghost.
Potsanchik's ghost is lightly damaged.
b - a stone You feel sick.
Potsanchik's ghost hits you.
You are more poisoned.
Potsanchik's ghost gestures at you while chanting.
You resist with significant effort.
You feel better.
Potsanchik's ghost hits you but does no damage.
You are poisoned.
Casting: Sandblast
Confirm with . or Enter, or press ? or * to list all spells.
Aiming: Sandblast
Press: ? - help, Shift-Dir - straight line, f/p - Potsanchik's ghost
Aim: Potsanchik's ghost, wielding a weapon of venom (lightly damaged)
The blast of sand hits Potsanchik's ghost.
Potsanchik's ghost is lightly damaged.
You now have no stones remaining.
You feel sick.
Potsanchik's ghost gestures at you while chanting.
You resist with significant effort. Potsanchik's ghost hits you.
You are more poisoned.
Casting: Sandblast
Confirm with . or Enter, or press ? or * to list all spells.
Aiming: Sandblast
Press: ? - help, Shift-Dir - straight line, f/p - Potsanchik's ghost
Aim: Potsanchik's ghost, wielding a weapon of venom (lightly damaged)
You don't have any stones to cast with.
Okay, then.
Unknown command.
Are you sure you want to abandon this character and quit the game? (Confirm with "yes".)

#......# #.#
#......######
#a#
###.........#
#.# #.###.....#
#.# #.# #.....#
#o# ##+###.....#
..# #..........#
∆ .o.
.####...W......#
....
.......@.......#
....
.......[.......#
o....
...........####
...........#
#####......#
########


You could see Potsanchik's ghost.

Vanquished Creatures
  An orc priest (D:3)
  A worker ant (D:4)
  2 adders (D:3)
  A shadow imp (D:3)
  An adder skeleton (D:2)
  2 worms (D:3)
  A dart slug (D:4)
  A leopard gecko (D:3)
  7 orcs
  A giant cockroach (D:3)
  2 goblins (D:2)
  2 hobgoblins (D:3)
  4 jackals (D:4)
  3 kobolds
  3 bats
  A leopard gecko skeleton (D:4)
  A quokka zombie (D:4)
  4 rats
38 creatures vanquished.

Notes
Turn   | Place    | Note
-------+----------+-------------------------------------------
     0 | D:1      | tidbits the Gnoll Earth Elementalist began the quest for the Orb.
     0 | D:1      | Reached XP level 1. HP: 13/13 MP: 6/6
    67 | D:2      | Reached skill level 2 in Transmutations
    67 | D:2      | Reached XP level 2. HP: 19/19 MP: 3/7
    71 | D:2      | Learned a level 2 spell: Passwall
    89 | D:2      | Found a sparkling altar of Nemelex Xobeh.
   175 | D:3      | Reached skill level 5 in Spellcasting
   175 | D:3      | Reached skill level 1 in Invocations
   175 | D:3      | Reached XP level 3. HP: 12/25 MP: 0/9
   179 | D:3      | Reached skill level 1 in Fighting
   179 | D:3      | Reached skill level 1 in Short Blades
   179 | D:3      | Reached skill level 1 in Long Blades
   179 | D:3      | Reached skill level 1 in Axes
   179 | D:3      | Reached skill level 1 in Maces & Flails
   179 | D:3      | Reached skill level 1 in Polearms
   179 | D:3      | Reached skill level 1 in Staves
   179 | D:3      | Reached skill level 1 in Slings
   179 | D:3      | Reached skill level 1 in Bows
   179 | D:3      | Reached skill level 1 in Crossbows
   179 | D:3      | Reached skill level 1 in Throwing
   179 | D:3      | Reached skill level 1 in Armour
   179 | D:3      | Reached skill level 1 in Shields
   179 | D:3      | Reached skill level 1 in Unarmed Combat
   179 | D:3      | Reached skill level 1 in Evocations
   206 | D:3      | Reached XP level 4. HP: 10/32 MP: 1/11
   321 | D:3      | Found a sacrificial altar of Ru.
   444 | D:3      | Found a glowing drain.
   447 | D:3      | Reached skill level 1 in Conjurations
   447 | D:3      | Reached skill level 1 in Hexes
   447 | D:3      | Reached skill level 1 in Charms
   447 | D:3      | Reached skill level 1 in Summonings
   447 | D:3      | Reached skill level 1 in Necromancy
   447 | D:3      | Reached skill level 1 in Translocations
   447 | D:3      | Reached skill level 1 in Fire Magic
   447 | D:3      | Reached skill level 1 in Ice Magic
   447 | D:3      | Reached skill level 1 in Air Magic
   447 | D:3      | Reached skill level 1 in Poison Magic
   457 | Sewer    | Entered a sewer
   480 | D:4      | Found Waumatt's General Store.
   483 | D:4      | Bought a scroll of identify for 22 gold pieces
   503 | D:4      | Reached XP level 5. HP: 37/37 MP: 7/12
   521 | D:4      | Noticed Potsanchik's ghost (amateur DEAM)
   539 | D:4      | Quit the game

Vault maps used:
D:1:      minmay_arrival_cross, minmay_domino_4
D:2:      nemelex_xobeh_ov_fountains_minmay, brannock_xom_greatest_gift
D:3:      lemuel_round_altar, minmay_overflow_temple_star_quad,
          portal_sewer_entry_d
D:4:      serial_shops, shop_fountains, shop, nicolae_shop_behind_doors, shop
Sewer:    sewer_co_tree

Skill      XL: |  1  2  3  4 |
---------------+-------------+-----
Transmutations | 2 |  2.3
Spellcasting   | 5 |  5.1
Invocations    | 1 |  1.5
Fighting       | 1 |  1.3
Short Blades   | 1 |  1.3
Long Blades    | 1 |  1.3
Axes           | 1 |  1.3
Maces & Flails | 1 |  1.3
Polearms       | 1 |  1.3
Staves         | 1 |  1.3
Slings         | 1 |  1.3
Bows           | 1 |  1.3
Crossbows      | 1 |  1.3
Throwing       | 1 |  1.3
Armour         | 1 |  1.3
Shields        | 1 |  1.3
Unarmed Combat | 1 |  1.3
Evocations     | 1 |  1.3
Conjurations   | 1 |  1.1
Hexes          | 1 |  1.1
Charms         | 1 |  1.1
Summonings     | 1 |  1.1
Necromancy     | 1 |  1.1
Translocations | 1 |  1.1
Fire Magic     | 1 |  1.1
Ice Magic      | 1 |  1.1
Air Magic      | 1 |  1.1
Poison Magic   | 1 |  1.1
Dodging        | |  4.7
Stealth        | |  4.3
Earth Magic    | |  5.5

Action                   |  1- 3 |  4- 6 || total
-------------------------+-------+-------++-------
Melee: Short sword       |    21 |    18 ||    39
       Bite              |     3 |       ||     3
 Cast: Sandblast         |    21 |    26 ||    47
       Passwall          |       |     2 ||     2
  Use: Potion            |     1 |     2 ||     3
       Scroll            |       |     3 ||     3
 Stab: Sleeping          |     2 |     4 ||     6
Armor: Robe              |       |     7 ||     7
Dodge: Dodged            |     9 |    22 ||    31

Table legend:
 A = Spawn XP
 B = Non-spawn XP
 C = Spawn XP percentage of total XP
 D = Spawn monster count
 E = Non-spawn monster count
 F = Spawn count percentage of total count
 G = Total turns spent on level
                    A         B        C        D         E        F      G
               +---------+---------+-------+---------+---------+-------+---------
         Total |       0 |     189 |   0.0 |       0 |      38 |   0.0 |   539
               +---------+---------+-------+---------+---------+-------+---------
           D:1 |       0 |       1 |   0.0 |       0 |       1 |   0.0 |    30
           D:2 |       0 |      14 |   0.0 |       0 |       6 |   0.0 |    76
           D:3 |       0 |     123 |   0.0 |       0 |      22 |   0.0 |   345
           D:4 |       0 |      51 |   0.0 |       0 |       9 |   0.0 |    82
               +---------+---------+-------+---------+---------+-------+---------

Table legend:
 A = Turns spent in this place as a percentage of turns spent in the entire game.
 B = Non-inter-level travel turns spent in this place as a percentage of non-inter-level travel turns spent in the entire game.
 C = Inter-level travel turns spent in this place as a percentage of turns spent in this place.
 D = Turns resting spent in this place as a percentage of non-inter-level travel turns spent in this place.
 E = Turns spent auto-exploring this place as a percentage of non-inter-level travel turns spent in this place.
 F = Non-inter-level travel turns spent in this place divided by the number of levels of this place that you've seen.
                   A       B       C       D       E      F
               +-------+-------+-------+-------+-------+----------------------
         Total | 100.0 | 100.0 |   0.0 |   0.0 |   0.0 | 107.8
       Dungeon |  98.9 |  98.9 |   0.0 |   0.0 |   0.0 | 133.2
         Sewer |   1.1 |   1.1 |   0.0 |   0.0 |   0.0 |   6.0
               +-------+-------+-------+-------+-------+----------------------

Table legend:
 A = Kills in this place as a percentage of kills in entire the game.
 B = Kills by you in this place as a percentage of kills by you in the entire game.
 C = Kills by friends in this place as a percentage of kills by friends in the entire game.
 D = Other kills in this place as a percentage of other kills in the entire game.
 E = Experience gained in this place as a percentage of experience gained in the entire game.
 F = Experience gained in this place divided by the number of levels of this place that you have seen.
                   A       B       C       D       E      F
               +-------+-------+-------+-------+-------+----------------------
         Total | 100.0 | 100.0 |   N/A |   N/A | 100.0 |  37.8
       Dungeon | 100.0 | 100.0 |   N/A |   N/A | 100.0 |  47.2
               +-------+-------+-------+-------+-------+----------------------

Vault maps used:
D:1:      minmay_arrival_cross, minmay_domino_4
D:2:      nemelex_xobeh_ov_fountains_minmay, brannock_xom_greatest_gift
D:3:      lemuel_round_altar, minmay_overflow_temple_star_quad,
          portal_sewer_entry_d
D:4:      serial_shops, shop_fountains, shop, nicolae_shop_behind_doors, shop
Sewer:    sewer_co_tree
